 Dungeon Crawl Stone Soup version 0.17-a0-2069-g0f4ee5b (webtiles) character file.

8121 pk666 the Fighter (level 11, -3/104 HPs)
             Began as a Minotaur Fighter on Oct 13, 2015.
             Was a High Priest of Okawaru.
             Killed from afar by an electric eel (5 damage)
             ... with a bolt of electricity
             ... on level 9 of the Dungeon.
             The game lasted 00:28:24 (10575 turns).

pk666 the Fighter (Minotaur Fighter)               Turns: 10575, Time: 00:28:24

Health: -3/104     AC: 22    Str: 31    XL:     11   Next: 5%
Magic:  10/10      EV:  8    Int:  5    God:    Okawaru [*****.]
Gold:   431        SH:  0    Dex: 11    Spells: 0 memorised, 10 levels left

rFire  . . .     SeeInvis .     a - +0 war axe
rCold  . . .     Clarity  .     s - +0 plate armour
rNeg   . . .     SustAt   .     (no shield)
rPois  .         Gourm    .     (helmet restricted)
rElec  .         Spirit   .     y - +0 cloak
rCorr  .         Warding  .     e - +2 pair of gloves {Str+3}
rMut   .         Stasis   .     A - +0 pair of boots
MR     +....                    g - amulet of faith
Stlth  ..........               J - ring of protection from magic
                                I - ring of invisibility

@: confused, mighty, somewhat resistant to hostile enchantments, extremely
unstealthy
A: retaliatory headbutt, horns 2
a: Heroism, Finesse, Renounce Religion, Evoke Invisibility


You were on level 9 of the Dungeon.
You worshipped Okawaru.
Okawaru was extremely pleased with you.
You were not hungry.

You visited 2 branches of the dungeon, and saw 10 of its levels.

You collected 431 gold pieces.

Inventory:

Hand Weapons
 a - a +0 war axe (weapon)
Armour
 b - a +0 scale mail
 c - a +0 shield
 e - a +2 pair of gloves of strength (worn)
 s - a +0 plate armour (worn)
 y - a +0 cloak (worn)
 A - a +0 pair of boots (worn)
Jewellery
 g - an amulet of faith (around neck)
 I - a ring of invisibility (left hand)
 J - a ring of protection from magic (right hand)
 R - an uncursed ring of fire {unknown}
Wands
 v - a wand of disintegration (13)
 L - a wand of confusion (15)
 V - a wand of paralysis (12)
 W - a wand of polymorph (11)
 X - a wand of draining (11)
 Y - a wand of cold (5)
Scrolls
 i - a scroll of fog {unknown}
 k - 9 scrolls of identify
 o - a scroll of fear {unknown}
 t - 3 scrolls of remove curse
 w - a scroll of enchant weapon {unknown}
 B - 2 scrolls of teleportation {unknown}
 C - a scroll of immolation {unknown}
 E - a scroll of noise {unknown}
 H - a scroll of vulnerability {unknown}
 K - a scroll of blinking {unknown}
 Q - 2 scrolls of recharging
 S - a scroll of enchant armour {unknown}
Potions
 d - a potion of might
 h - 2 potions of degeneration {unknown}
 l - 4 potions of magic
 m - 2 potions of ambrosia
 n - 2 potions of heal wounds {unknown}
 p - 4 potions of curing
 r - 3 potions of lignification {unknown}
 u - a potion of mutation {unknown}
 D - a potion of agility {unknown}
 G - a potion of flight {unknown}
 M - a potion of invisibility {unknown}
 N - 2 potions of resistance {unknown}
 O - 2 potions of berserk rage {unknown}
 T - 3 potions of cancellation {unknown}
Books
 P - a book of Minor Magic

   Spells                             Type                      Level
   a - Magic Dart                     Conjuration                  1
   b - Blink                          Translocation                2
   c - Call Imp                       Summoning                    2
   d - Repel Missiles                 Charms/Air                   2
   e - Slow                           Hexes                        2
   f - Conjure Flame                  Conjuration/Fire             3
   g - Mephitic Cloud                 Conjuration/Poison/Air       3
Comestibles
 j - 8 meat rations
 x - 6 bread rations
 z - a beef jerky
 F - 7 fruits


   Skills:
 + Level 12.2 Fighting
 + Level 11.9 Axes
 + Level 12.0 Armour
 - Level 3.6 Shields


You had 10 spell levels left.
You didn't know any spells.

Dungeon Overview and Level Annotations

Branches:
Dungeon (9/15)             Temple (1/1) D:6            Lair (0/8) D:9
    Orc: D:9-12

Altars:
Ashenzari
Cheibriados
Dithmenos
Elyvilon
Fedhas
Gozag
Kikubaaqudgha
Makhleb
Nemelex Xobeh
Okawaru
Qazlal
Ru
Sif Muna
Trog
Vehumet
Xom
Yredelemnul
Zin
The Shining One
Jiyva

Shops:
D:9 *

Annotations:
D:9 Maurice


Innate Abilities, Weirdness & Mutations

You reflexively headbutt those who attack you in melee.
You have a pair of horns on your head.


Message History

* * * LOW HITPOINT WARNING * * *
Your unstable footing causes you to fumble your attack.
The electric eel shoots out a bolt of lightning at you!
The bolt of electricity hits you!
* * * LOW HITPOINT WARNING * * *
Drink which item? (? for menu, Esc to quit)
It was a potion of curing.
You feel better.
The electric eel shoots out a bolt of lightning at you!
The bolt of electricity hits you!
* * * LOW HITPOINT WARNING * * *
Drink which item? (? for menu, Esc to quit)
It was a potion of ambrosia.
You are confused.
You feel invigorated.
The electric eel shoots out a bolt of lightning at you!
The bolt of electricity hits you!
* * * LOW HITPOINT WARNING * * *
The electric eel shoots out a bolt of lightning at you!
The bolt of electricity hits you!
You die...

≈≈≈≈≈≈≈≈≈≈≈≈≈≈≈≈≈≈≈≈≈≈≈≈≈≈≈###≈≈
≈≈≈≈≈≈≈≈≈≈####≈≈≈≈≈≈≈≈≈≈≈≈≈≈#≈≈≈
≈≈#≈≈≈≈≈≈≈##≈≈≈≈≈≈≈≈...≈≈≈≈≈≈≈≈≈≈
≈#≈≈≈≈≈≈≈≈≈≈≈≈≈≈≈≈≈.♣P..≈≈≈≈≈≈#≈≈
≈≈≈≈≈≈≈≈≈≈≈.≈≈≈≈≈≈...♣♣..≈≈≈≈;≈#
≈≈≈≈###≈≈≈≈≈≈≈≈≈≈≈.♣...♣.≈≈≈≈≈≈#
≈≈####≈≈≈≈≈≈≈≈≈≈≈≈....P..≈≈≈≈≈≈#
≈≈≈≈≈≈≈≈≈≈≈≈≈≈≈;;≈≈.♣...;≈≈≈≈≈≈#
≈≈≈≈≈≈≈≈≈≈≈≈≈≈≈≈@≈≈≈...≈≈≈≈≈#.≈≈
≈≈≈≈≈≈≈≈#≈≈≈≈≈≈.≈≈≈≈≈≈≈≈≈≈≈≈≈≈≈≈≈
≈≈≈≈≈≈≈###≈≈≈≈≈≈≈≈≈≈≈≈≈≈≈≈≈≈###≈≈
≈≈≈≈≈≈≈≈#≈≈≈≈##≈≈≈≈≈≈≈≈≈≈≈≈≈≈#
##≈≈≈≈≈≈≈≈≈≈≈≈#####≈≈≈≈≈≈≈≈≈≈≈≈
##≈≈≈###≈##≈## ##≈#≈###≈≈≈≈≈≈
##### ###### ##### #######


You could see 2 electric eels.

Vanquished Creatures
  Pikel (D:4)
  A hill giant (D:7)
  2 centaur zombies
  A troll (D:9)
  4 snapping turtles (D:9)
  7 yaks (D:9)
  Sigmund (D:6)
  The ghost of Loris the Cudgeler, an amateur OgBe of Trog (D:3)
  A wyvern (D:8)
  A deep elf fighter (D:9)
  Grum (D:8)
  Menkaure (D:4)
  2 water moccasins
  Edmund (D:4)
  2 wolves (D:8)
  A soldier ant (D:9)
  A black bear (D:9)
  2 sky beasts
  2 slaves (D:4)
  4 centaurs
  6 ogres
  A crocodile (D:9)
  5 giant frogs
  A gnoll sergeant (D:7)
  A wyvern zombie (D:8)
  A wyvern skeleton (D:9)
  8 killer bees (D:7)
  A scorpion (D:8)
  5 electric eels (D:9)
  A hound (D:6)
  A jelly (D:9)
  2 quasits
  3 crimson imps
  6 orc priests
  A giant frog skeleton (D:5)
  3 worker ants
  An iguana (D:9)
  11 orc wizards
  A killer bee zombie (D:6)
  A hound zombie (D:7)
  2 river rats (D:9)
  9 adders
  6 gnolls
  3 shadow imps
  3 adder zombies
  An adder skeleton (D:8)
  3 worms
  4 giant geckos
  28 orcs
  20 bats
  6 goblins
  6 hobgoblins
  8 jackals
  3 quokkas
  A ball python (D:3)
  A ball python zombie (D:5)
  4 giant cockroaches
  A giant gecko skeleton (D:4)
  5 giant newts
  A jackal skeleton (D:7)
  12 kobolds
  14 rats
  A fungus (D:9)
239 creatures vanquished.

Vanquished Creatures (others)
  A slave (D:4)
  A worker ant (D:4)
  A bat (D:9)
  A fungus (D:9)
  A plant (D:9)
5 creatures vanquished.

Grand Total: 244 creatures vanquished

Notes
Turn   | Place    | Note
--------------------------------------------------------------
     0 | D:1      | pk666 the Minotaur Fighter began the quest for the Orb.
     0 | D:1      | Reached XP level 1. HP: 19/19 MP: 0/0
   215 | D:1      | Reached skill level 4 in Fighting
   215 | D:1      | Reached XP level 2. HP: 22/27 MP: 1/1
   982 | D:2      | Found a white marble altar of Elyvilon.
  1100 | D:2      | Reached XP level 3. HP: 29/33 MP: 2/2
  1320 | D:2      | Found a glowing golden altar of the Shining One.
  1486 | D:2      | Found a glowing silver altar of Zin.
  1625 | D:2      | Reached XP level 4. HP: 41/41 MP: 3/3
  1747 | D:3      | Noticed Loris's ghost (amateur OgBe)
  1761 | D:3      | Killed Loris's ghost
  1761 | D:3      | Reached skill level 5 in Fighting
  1761 | D:3      | Reached skill level 5 in Armour
  1761 | D:3      | Reached XP level 5. HP: 41/48 MP: 4/4
  1768 | D:3      | Found a burning altar of Makhleb.
  1856 | D:3      | Reached XP level 6. HP: 49/57 MP: 5/5
  2138 | D:4      | Reached skill level 5 in Axes
  2148 | D:4      | Reached skill level 6 in Fighting
  2325 | D:4      | Noticed Menkaure
  2326 | D:4      | Noticed Edmund
  2329 | D:4      | Killed Menkaure
  2329 | D:4      | Reached XP level 7. HP: 56/64 MP: 6/6
  2344 | D:4      | Killed Edmund
  2370 | D:4      | Found a basalt altar of Yredelemnul.
  2371 | D:4      | Noticed Pikel
  2394 | D:4      | Killed Pikel
  2394 | D:4      | Reached skill level 7 in Fighting
  2394 | D:4      | Reached XP level 8. HP: 45/73 MP: 7/7
  2620 | D:4      | Found a stormy altar of Qazlal.
  2902 | D:5      | Entered Level 5 of the Dungeon
  2957 | D:5      | Found a radiant altar of Vehumet.
  3265 | D:5      | Reached skill level 8 in Fighting
  3541 | D:5      | You fall through a shaft!
  3541 | D:6      | Found a staircase to the Ecumenical Temple.
  3551 | Temple   | Entered the Ecumenical Temple
  3656 | Temple   | Became a worshipper of Warmaster Okawaru
  3857 | D:6      | Noticed Sigmund
  3870 | D:6      | Killed Sigmund
  3884 | D:6      | Reached * piety under Okawaru
  3948 | D:6      | Noticed a centaur zombie
  3966 | D:6      | Killed a centaur zombie
  3966 | D:6      | Reached skill level 9 in Fighting
  3966 | D:6      | Reached XP level 9. HP: 75/83 MP: 8/8
  3988 | D:6      | Found a shimmering altar of Xom.
  4078 | D:6      | Found a deep blue altar of Sif Muna.
  4172 | D:6      | Reached ** piety under Okawaru
  4458 | D:7      | Found a shattered altar of Ashenzari.
  4501 | D:7      | Found a sparkling altar of Nemelex Xobeh.
  4563 | D:7      | Noticed a hill giant
  4571 | D:7      | Killed a hill giant
  4571 | D:7      | Reached skill level 10 in Fighting
  4571 | D:7      | Reached skill level 10 in Armour
  5148 | D:7      | Reached *** piety under Okawaru
  5510 | D:8      | Reached skill level 10 in Axes
  5536 | D:8      | Got a slimy scale mail
  5547 | D:8      | Identified the cursed +1 scale mail of Fun and Games {*Corrode +Inv MR+ Int+4} (You found it on level 8 of the Dungeon)
  5659 | D:8      | Noticed Grum
  5667 | D:8      | Reached XP level 10. HP: 69/94 MP: 9/9
  5672 | D:8      | Killed Grum
  5863 | D:8      | Reached **** piety under Okawaru
  5863 | D:8      | Received a gift from Okawaru
  6127 | D:8      | Reached skill level 11 in Fighting
  6953 | D:9      | Noticed Maurice
  7097 | D:9      | Found Keleb's Assorted Antiques.
  7113 | D:9      | Found a glowing golden altar of the Shining One.
  8271 | D:9      | Reached ***** piety under Okawaru
  8438 | D:9      | Reached skill level 12 in Fighting
  8736 | D:9      | Found a staircase to the Lair.
  9919 | D:9      | Reached XP level 11. HP: 36/104 MP: 10/10
 10574 | D:9      | HP: 2/104 [electric eel/bolt of electricity (12)]
 10575 | D:9      | Killed from afar by an electric eel

Vault maps used:
D:1:      minmay_arrival_four_houses, feat_on_display
D:2:      nicolae_overflow_crystal_walls, lemuel_doored_altar,
          lemuel_round_altar, first_bread
D:3:      old_standard_altar
D:4:      lemuel_round_altar, kennysheep_mini_moat, uniq_menkaure, uniq_edmund,
          uniq_pikel
D:5:      lemuel_round_altar, kennysheep_potato
D:6:      led_sif_book, kennysheep_mini, minmay_temple_entry_trees,
          kennysheep_decorative_pillar, uniq_sigmund
D:7:      evilmike_ruin_ashenzari, lemuel_crystal_altar,
          corexii_leaking_fountain
D:8:      uniq_grum
D:9:      wad_bat_island, grunt_lair_entry_elf_guard_hut, serial_shops,
          nicolae_shop_stone, basic_altar, minivault_5, uniq_maurice
Temple:   pf_slimified_temple

Action                   |  1- 3 |  4- 6 |  7- 9 | 10-12 || total
-------------------------+-------+-------+-------+-------++-------
Melee: War axe           |   106 |    75 |   262 |   349 ||   792
  Use: Scroll            |     1 |     3 |     1 |       ||     5
       Potion            |       |       |       |     4 ||     4
  Eat: Chunk             |     2 |     3 |    11 |    14 ||    30
       Pizza             |       |       |       |     1 ||     1
